AoeStats
← Mknolix

MegaRandom

510167044Analyzed
4v4 RM · 4d ago on Sep 29, 2026· 63m 4s· 8 players
Game mode
Random Map
Map size
Large (8 player)
Population
200
Speed
Normal
Resources
Standard
Victory
Conquest
Starting age
Dark Age
Ending age
Imperial Age
RankedLock teamsTeams togetherTeam positionsShared explorationLock speedFull tech treeHidden civsTurbo modeCheats
Victory
Defeat
🇵🇱 Wei · Poland
1126
+16
🇵🇱 Varangians · Poland
1116
+16
🇩🇿 Poles · Algeria
1115
+16
🇦🇷 Persians · Argentina
1092
+17
🇳🇱 Poles · Netherlands
1162
-18
🇳🇱 Goths · Netherlands
1140
-17
🇳🇱 Britons · Netherlands
1128
-17
🇳🇱 Bohemians · Netherlands
1045
-13
kubeszek
12:48 Feudal Age
13:32 Fishing Lines
14:54 Scale Barding Armor
17:13 Double-Bit Axe
18:47 Bloodlines
20:23 Forging
24:28 Castle Age
23:10 Horse Collar
23:23 Gold Mining
24:36 Loom
24:33 Light Cavalry
25:46 Chain Barding Armor
26:52 Iron Casting
26:10 Crossbowman
28:25 Wheelbarrow
28:36 Heavy Plow
28:47 Bow Saw
28:43 Husbandry
30:34 Hand Cart
30:23 Town Watch
31:41 Fletching
34:47 Imperial Age
33:13 Bodkin Arrow
33:22 Stone Mining
34:03 Padded Archer Armor
35:19 Ballistics
37:01 Chemistry
35:28 Cavalier
37:19 Conscription
38:53 Plate Barding Armor
39:28 Siege Engineers
40:44 Blast Furnace
39:46 Bracer
42:57 Elite Jarl
50:18 Spies/Treason
54:32 Treadmill Crane
54:54 Gothikon
54:54 Vendel Legacy
56:06 Crop Rotation
56:37 Two-Man Saw
56:15 Stone Shaft Mining
55:43 Devotion
56:09 Illumination
58:41 Elite Longship
63:10 Clinker Construction
63:44 Shipwright
Xemcio
5:31 Loom
11:49 Feudal Age
13:30 Double-Bit Axe
16:04 Fishing Lines
18:18 Wheelbarrow
17:48 Horse Collar
23:14 Castle Age
26:17 Treadmill Crane
26:34 Murder Holes
30:20 Fletching
34:57 Imperial Age
32:59 Bodkin Arrow
33:36 Forging
33:32 Scale Barding Armor
34:22 Town Watch
34:35 Gillnets
36:47 Iron Casting
36:33 Chain Barding Armor
37:16 Conscription
38:31 Blast Furnace
37:52 Bow Saw
39:29 Bracer
39:51 Ballistics
40:32 Chemistry
42:45 Pikeman
43:28 Scale Mail Armor
43:39 Halberdier
44:35 Chain Mail Armor
50:00 Gold Mining
50:03 Stone Mining
51:40 Husbandry
51:51 Bloodlines
51:08 Heavy Hei Guang Cavalry
51:51 Padded Archer Armor
52:38 Gold Shaft Mining
52:39 Stone Shaft Mining
51:51 Spies/Treason
52:49 Elite Tiger Cavalry
55:17 Leather Archer Armor
58:19 Careening
58:20 Clinker Construction
58:22 Masonry
58:02 Heated Shot
58:23 Fortified Wall
58:03 Guard Tower
58:45 Ring Archer Armor
58:19 Tuntian
58:46 Ming Guang Armor
58:42 Town Patrol
59:01 Hand Cart
60:58 Carvel Hull
Mknolix
10:23 Loom
12:58 Feudal Age
14:02 Double-Bit Axe
17:54 Castle Age
17:17 Bloodlines
17:15 Scale Barding Armor
18:21 Wheelbarrow
17:40 Fishing Lines
18:46 Bow Saw
18:53 Husbandry
19:10 Gillnets
20:17 Horse Collar
22:28 Medium Warships
24:36 Fletching
28:59 Hand Cart
33:42 Imperial Age
31:29 Careening
31:31 Clinker Construction
32:34 Bodkin Arrow
35:48 Chemistry
35:09 Carvel Hull
35:09 Dry Dock
35:22 Heavy Warships
35:17 Town Watch
37:22 Two-Man Saw
35:50 Elite Cannon Galleon
44:13 Coinage
47:40 Banking
49:22 Ballistics
50:50 Spies/Treason
61:09 Guilds
ayoubDZtv
7:14 Loom
10:38 Feudal Age
15:05 Castle Age
13:47 Double-Bit Axe
18:30 Horse Collar
20:13 Bow Saw
21:34 Bloodlines
24:18 Scale Barding Armor
25:38 Wheelbarrow
25:38 Heavy Plow
28:45 Chain Barding Armor
29:27 Forging
29:19 Scale Mail Armor
29:34 Gold Mining
31:06 Hand Cart
32:12 Arson
32:27 Squires
32:45 Chain Mail Armor
33:05 Iron Casting
35:10 Imperial Age
37:00 Plate Mail Armor
37:30 Blast Furnace
36:55 Conscription
36:23 Elite Obuch
36:40 Capped Ram
38:07 Town Watch
39:17 Siege Ram
49:21 Spies/Treason
50:18 Fletching
50:50 Ballistics
51:31 Chemistry
51:11 Murder Holes
51:41 Bodkin Arrow
51:54 Siege Engineers
Ysbrandus
11:47 Feudal Age
11:19 Loom
23:24 Castle Age
32:32 Double-Bit Axe
32:31 Horse Collar
35:07 Bow Saw
37:15 Wheelbarrow
36:57 Heavy Plow
Dawn
13:09 Feudal Age
17:52 Castle Age
15:55 Horse Collar
16:06 Double-Bit Axe
19:10 Bow Saw
19:02 Heavy Plow
20:13 Pikeman
20:48 Fletching
23:16 Loom
29:56 Wheelbarrow
32:44 Forging
32:40 Scale Barding Armor
35:13 Imperial Age
32:47 Caravan
33:19 Coinage
35:05 Iron Casting
34:50 Chain Barding Armor
35:06 Szlachta Privileges
35:03 Husbandry
35:14 Bloodlines
34:24 Light Cavalry
35:08 Gold Mining
36:09 Cavalier
37:51 Blast Furnace
37:35 Conscription
39:57 Fortified Wall
42:59 Winged Hussar
44:02 Lechitic Legacy
Oclye
1:56 Loom
15:11 Feudal Age
16:19 Horse Collar
16:27 Double-Bit Axe
22:28 Castle Age
22:40 Pikeman
24:26 Heavy Plow
24:38 Bow Saw
29:35 Demolition Ship
33:56 Wheelbarrow
36:37 Imperial Age
34:21 Scale Mail Armor
34:31 Forging
34:13 Fletching
34:23 Padded Archer Armor
38:48 Heavy Demolition Ship
Danoedel
5:29 Loom
10:50 Feudal Age
11:38 Double-Bit Axe
13:06 Horse Collar
14:42 Fishing Lines
19:58 Castle Age
19:34 Stone Mining
19:37 Gold Mining
20:54 Bow Saw
21:04 Squires
22:56 Heavy Plow
23:37 Fletching
23:49 Scale Mail Armor
27:09 Wheelbarrow
27:54 Gillnets
29:12 Gold Shaft Mining
29:05 Bodkin Arrow
29:46 Ballistics
29:32 Padded Archer Armor
30:21 Hand Cart
32:08 Masonry
32:59 Pikeman
36:06 Forging
38:55 Leather Archer Armor
39:16 Iron Casting
45:18 Imperial Age
45:36 Chain Mail Armor
Connection lost

Rejoining the realm…

Still unreachable

The connection could not be restored.

Session expired

The server has moved on; the page needs a fresh start.